 Dungeon Crawl Stone Soup version 0.29.1-15-g9cfb28693d (webtiles) character file.

Game seed: 2020413838499942948

114 protoss039 the Digger (level 4, -4/33 HPs)
             Began as a Demonspawn Earth Elementalist on Mar 12, 2023.
             Slain by an iguana (7 damage)
             ... on level 3 of the Dungeon.
             The game lasted 00:01:46 (1948 turns).

protoss039 the Digger (DsEE)                        Turns: 1948, Time: 00:01:47

Health: -4/33      AC:  5    Str:  8    XL:     4   Next: 66%
Magic:  2/2        EV: 12    Int: 19    God:
Gold:   100        SH:  0    Dex: 13    Spells: 3/9 levels left

rFire   . . .      SeeInvis .   r - +4 dagger "Raowy" {antimagic, rC+ Stlth+}
rCold   + . .      Faith    .   (no shield)
rNeg    . . .      Spirit   .   a - +0 robe
rPois   .          Reflect  .   (no helmet)
rElec   .          Harm     .   (no cloak)
rCorr   .          Rampage  .   (no gloves)
Will    .....                   f - +0 pair of boots
Stlth   +++.......              (no amulet)
HPRegen 0.11/turn               (no ring)
MPRegen 0.08/turn               (no ring)

@: no status effects
A: thin metallic scales 1
a: no special abilities


You were on level 3 of the Dungeon.
You visited 1 branch of the dungeon, and saw 3 of its levels.

You collected 100 gold pieces.

Inventory:

Hand Weapons
 c - a +0 short sword
 r - the +4 dagger "Raowy" (weapon) {antimagic, rC+ Stlth+}
   (You found it on level 3 of the Dungeon)

   It reduces the magical energy of the wielder, and disrupts the spells and
   magical abilities of those it strikes.
   Natural abilities and divine invocations are not affected.
   rC:        It protects you from cold.
   Stlth:     It makes you more stealthy.
Armour
 a - a +0 robe (worn)
 f - a +0 pair of boots (worn)
Jewellery
 q - an amulet of guardian spirit
 s - a +6 ring of dexterity
Wands
 p - a wand of polymorph (6)
Scrolls
 e - a scroll of noise {unknown}
 g - 4 scrolls of identify {unknown}
 k - a scroll of enchant weapon {unknown}
 m - 4 scrolls of amnesia {unknown}
 n - a scroll of blinking {unknown}
Potions
 b - a potion of magic
 d - a potion of mutation {unknown}
 h - a potion of might {unknown}
 i - a potion of haste
 j - a potion of resistance {unknown}
 l - a potion of lignification {unknown}
 o - 2 potions of degeneration {unknown}


   Skills:
 + Level 2.3 Fighting
 * Level 0.1 Armour
 - Level 1.7 Dodging
 - Level 1.7 Stealth
 + Level 3.1 Spellcasting
 + Level 0.0 Conjurations
 - Level 0.8 Transmutations
 + Level 3.5 Earth Magic


You had 3 spell levels left.
You knew the following spells:

 Your Spells              Type           Power      Damage    Failure   Level
a - Sandblast             Erth           32%        2d9       3%          1
b - Passwall              Tmut/Erth      9%         N/A       10%         2
c - Stone Arrow           Conj/Erth      18%        3d8       22%         3

Your spell library contained the following spells:

 Spells                   Type           Power      Damage    Failure   Level
 Wereblood                Tmut           6%         N/A       16%         2
 Sublimation of Blood     Necr           2%         N/A       22%         2
 Petrify                  Tmut/Erth      11%        N/A       52%         4
 Summon Hydra             Summ           1%         N/A       100%        7


Dungeon Overview and Level Annotations

Branches:
Dungeon (3/15) Zot: 16014

Altars:
Ashenzari
Makhleb

Annotations:
D:3 Ijyb


Innate Abilities, Weirdness & Mutations

You are partially covered in thin metallic scales. (AC +2)


Message History

Press: ? - help, Shift-Dir - straight line, f/p - iguana
Aim: an iguana (84% to hit)
The blast of sand hits the iguana!
The iguana is heavily wounded.
The iguana closely misses you. The endoplasm closely misses you.
The iguana closely misses you. The endoplasm freezes you.
You are frozen.
Casting: Sandblast (safe; 3% risk of failure)
Confirm with . or Enter, or press ? or * to list all spells.
Aiming: Sandblast (safe; 3% risk of failure)
Press: ? - help, Shift-Dir - straight line, f/p - iguana
Aim: an iguana (heavily wounded, 84% to hit)
The blast of sand misses the iguana.
The iguana bites you! The endoplasm hits you.
Unknown command.
You feel magic leave you.
r - the +4 dagger "Raowy" (weapon)
{antimagic, rC+ Stlth+} The iguana closely misses you.
The endoplasm closely misses you.
Unknown command.
You hit the iguana but do no damage.
The iguana is heavily wounded.
The iguana completely misses you. The endoplasm misses you.
Unknown command.
You hit the iguana.
The iguana is severely wounded.
The iguana bites you.
The endoplasm hits you but does no damage.
Unknown command.
You hit the iguana.
The iguana is almost dead.
The iguana bites you!
* * * LOW HITPOINT WARNING * * *
The endoplasm freezes you.
You are frozen.
You resist.
* * * LOW HITPOINT WARNING * * *
You closely miss the iguana.
The iguana is almost dead.
The iguana bites you!
You die...

#.....#.# .#
#.....#.#=#)# .#
#........ #.# #.#
#.......###.# #.#
#.........#.# #.#
#.......#.#.# #.#.
#....#.#.# #.#.
#lJ....).######)#.
#@...#..........#.
#......#...#......
#...##.#.#.+......
........#.###......
.........#.#
#......
.......?...#
####...
#............ #...
#......P._.P. #...
#...


You could see an iguana and an endoplasm.

Vanquished Creatures
  Natasha (twice) (D:2)
  2 adders (D:2)
  A worm (D:3)
  A dart slug (D:2)
  6 bats
  2 endoplasms
  A giant cockroach (D:2)
  5 goblins
  4 hobgoblins
  3 kobolds
  A quokka (D:2)
  6 ball pythons
  3 frilled lizards
  2 rats (D:1)
39 creatures vanquished.

Notes
Turn   | Place    | Note
-------+----------+-------------------------------------------
     0 | D:1      | protoss039 the Demonspawn Earth Elementalist began the
                  | quest for the Orb.
     0 | D:1      | Reached XP level 1. HP: 13/13 MP: 3/3
   257 | D:1      | Gained mutation: You are partially covered in thin metallic
                  | scales. (AC +2) [demonic ancestry]
   257 | D:1      | Reached XP level 2. HP: 20/20 MP: 3/5
   395 | D:1      | Reached skill level 1 in Fighting
   805 | D:1      | Learned a level 2 spell: Passwall
   811 | D:2      | Reached XP level 3. HP: 26/26 MP: 2/6
   943 | D:2      | Noticed Natasha
   948 | D:2      | Killed Natasha
  1047 | D:2      | Noticed Natasha
  1055 | D:2      | Killed Natasha
  1056 | D:2      | Reached XP level 4. HP: 33/33 MP: 3/8
  1755 | D:2      | Learned a level 3 spell: Stone Arrow
  1771 | D:3      | Found a broken altar of Ashenzari.
  1771 | D:3      | Noticed Ijyb
  1927 | D:3      | Found a burning altar of Makhleb.
  1927 | D:3      | Identified the +4 dagger "Raowy" {antimagic, rC+ Stlth+}
  1948 | D:3      | Slain by an iguana

Illustrated notes

Levels and vault maps discovered:
D:1:      lightli_arrival_noodles, layout_rooms
D:2:      layout_loops_cross, minmay_quantized, uniq_natasha
D:3:      layout_basic, nicolae_ashenzari_skybound,
          mainiacjoe_overflow_tiny_flanked, ebering_ecumenical_altar_mist,
          uniq_ijyb

Skill      XL: |  1  2  3  4 |
---------------+-------------+-----
Fighting       | 1 2 |  2.3
Earth Magic    | 3 |  3.5
Spellcasting   | 3 |  3.1
Armour         | |  0.1
Dodging        | |  1.7
Stealth        | |  1.7
Transmutations | |  0.8

Action                   |  1- 3 |  4- 6 || total
-------------------------+-------+-------++-------
Melee: Short sword       |    16 |       ||    16
       Dagger            |       |     4 ||     4
 Cast: Sandblast         |    29 |    29 ||    58
 Stab: Sleeping          |     2 |       ||     2
Armor: Robe              |     8 |     4 ||    12
Dodge: Dodged            |    26 |    18 ||    44
